[Event "EYCC 2017"]
[Site "Mamaia"]
[Date "2017.09.14"]
[Round "9"]
[White "Bartodziej, Bartosz"]
[Black "Dimitrov, Martin Il"]
[Result "0-1"]
[ECO "B06"]
[WhiteElo "1402"]
[BlackElo "1645"]
[Annotator "NA RC"]
[PlyCount "60"]
[EventDate "2017.??.??"]
[EventType "swiss"]
[EventCountry "ROU"]
[SourceTitle "playchess.com"]
[Source "ChessBase"]
[SourceQuality "1"]
[TimeControl "40/5400+30:1800+30"]

1. d4 g6 2. e4 Bg7 3. Nc3 c5 4. dxc5 Bxc3+ 5. bxc3 Qa5 6. Qd4 Nf6 7. Qb4 Qxb4 8. cxb4 Nxe4 9. Bb2 O-O 10. Bd3 Nf6 11. Nf3 Nd5 12. a3 b6 13. Be4 e6 14. cxb6 axb6 15. h4 Ra7 16. Bxd5 exd5 17. h5 Re8+ 18. Kd2 d6 19. hxg6 fxg6 20. Nh4 Nc6 21. Rh2 Rae7 22. Rah1 Re2+ 23. Kc1 Rxf2 24. Nxg6 Ree2 25. Nf4 Rxc2+ 26. Kd1 Rxb2 27. Kc1 Ra2 28. Kb1 Bf5+ 29. Nd3 Bxd3+ 30. Kc1 Ra1# 0-1

[Event "EYCC 2017"]
[Site "Mamaia"]
[Date "2017.09.14"]
[Round "9"]
[White "Mustu, Hatice Asli"]
[Black "Andrukhovich, Elizaveta"]
[Result "0-1"]
[ECO "D02"]
[WhiteElo "1365"]
[BlackElo "1465"]
[Annotator "NA RC"]
[PlyCount "82"]
[EventDate "2017.??.??"]
[EventType "swiss"]
[EventCountry "ROU"]
[SourceTitle "playchess.com"]
[Source "ChessBase"]
[SourceQuality "1"]
[TimeControl "40/5400+30:1800+30"]

1. d4 d5 2. Bf4 Nf6 3. Nf3 c5 4. c3 e6 5. e3 Bd6 6. Ne5 Nc6 7. Bb5 Bd7 8. Nxf7 Kxf7 9. Bxd6 cxd4 10. exd4 Nxd4 11. Bxd7 Qxd7 12. Bg3 Nf5 13. O-O Nxg3 14. fxg3 Rhf8 15. Nd2 Kg8 16. Kh1 e5 17. Nf3 e4 18. Nd4 Ng4 19. Rxf8+ Rxf8 20. Kg1 Rf2 21. Qc1 e3 22. h3 e2 23. Qg5 Nf6 24. Re1 Qa4 25. Ne6 Rf1+ 26. Kh2 g6 27. Qh6 Nh5 28. Ng5 Qd1 29. Qxh7+ Kf8 30. Qh8+ Ke7 31. Qe5+ Kd7 32. Qe6+ Kc7 33. Qe7+ Kc6 34. Qe6+ Kb5 35. Qd7+ Kc4 36. Qg4+ Kd3 37. Qd4+ Kc2 38. Qa4+ Kb1 39. Rxd1+ exd1=Q 40. Qxd1+ Rxd1 41. g4 Nf4 0-1

[Event "EYCC 2017"]
[Site "Mamaia"]
[Date "2017.09.14"]
[Round "9"]
[White "Keskinler, Ela"]
[Black "Shukhman, Anna"]
[Result "0-1"]
[ECO "C03"]
[WhiteElo "1276"]
[BlackElo "1583"]
[Annotator "NA RC"]
[PlyCount "142"]
[EventDate "2017.??.??"]
[EventType "swiss"]
[EventCountry "ROU"]
[SourceTitle "playchess.com"]
[Source "ChessBase"]
[SourceQuality "1"]
[TimeControl "40/5400+30:1800+30"]

1. e4 e6 2. d4 d5 3. Nd2 dxe4 4. Nxe4 Nf6 5. Bd3 Nbd7 6. Qe2 Nxe4 7. Bxe4 Nf6 8. Bxb7 Bxb7 9. Qb5+ Qd7 10. Qxb7 Rd8 11. Nf3 Be7 12. O-O Nd5 13. Ne5 Qc8 14. Qb5+ Kf8 15. Nc6 a6 16. Nxe7 axb5 17. Nxc8 Rxc8 18. Re1 Ke7 19. b3 b4 20. a3 c5 21. dxc5 Rxc5 22. axb4 Rxc2 23. Bg5+ f6 24. Ra7+ Rc7 25. Rxc7+ Nxc7 26. Be3 Rb8 27. Rc1 Na6 28. Rc4 Kf7 29. Bd2 Rd8 30. Be1 Rd7 31. b5 Nc7 32. b6 Nd5 33. Rc6 Ke7 34. b4 Rb7 35. b5 Rxb6 36. Bb4+ Kd7 37. Rxb6 Nxb6 38. Kf1 Nd5 39. Bd2 Kc7 40. Ke2 Kb6 41. Kd3 Kxb5 42. Ke4 Ne7 43. f4 Kc6 44. g4 Kd7 45. h4 g6 46. Bc3 Nd5 47. Bd4 f5+ 48. gxf5 gxf5+ 49. Ke5 Ne7 50. Bf2 Ng6+ 51. Kd4 Nxf4 52. Ke3 Nd5+ 53. Kf3 Nf6 54. Bg3 Ng4 55. Bf4 e5 56. Bg3 Ke6 57. h5 Nf6 58. h6 Ng4 59. Ke2 f4 60. Be1 e4 61. Bd2 f3+ 62. Kf1 e3 63. Bc3 Kf5 64. Ke1 Ke4 65. Bb4 Kd3 66. Bc5 f2+ 67. Kf1 e2+ 68. Kg2 f1=Q+ 69. Kg3 e1=Q+ 70. Kxg4 Qg2+ 71. Kf4 Qee4# 0-1

[Event "EYCC 2017"]
[Site "Mamaia"]
[Date "2017.09.14"]
[Round "9"]
[White "Darie, Cleopatra-Iuliana"]
[Black "Zavivaeva, Evelina"]
[Result "0-1"]
[ECO "C01"]
[WhiteElo "1120"]
[BlackElo "1406"]
[Annotator "NA RC"]
[PlyCount "176"]
[EventDate "2017.??.??"]
[EventType "swiss"]
[EventCountry "ROU"]
[SourceTitle "playchess.com"]
[Source "ChessBase"]
[SourceQuality "1"]
[TimeControl "40/5400+30:1800+30"]

1. e4 e6 2. d4 d5 3. exd5 exd5 4. Bd3 Nc6 5. Nf3 Bg4 6. Be3 Bb4+ 7. Nc3 Nf6 8. h3 Be6 9. Bd2 Qe7 10. O-O O-O-O 11. Qe2 Rdg8 12. Bb5 Qd6 13. Rfe1 h6 14. a3 Bxc3 15. bxc3 g5 16. c4 dxc4 17. Bxc4 Nd5 18. Reb1 Nb6 19. Bxe6+ fxe6 20. Re1 Rg6 21. Qe4 Rhg8 22. Bb4 Qd7 23. Ne5 Nxe5 24. Qxe5 g4 25. h4 g3 26. f3 Kb8 27. Rac1 Rd8 28. Bc3 Qc6 29. Ba1 Nc4 30. Qf4 Nxa3 31. Qf7 Rdg8 32. Re5 Qe8 33. Qf4 Nc4 34. Rc5 Nd6 35. Rb1 Qf7 36. Qe3 Ka8 37. Qc3 R6g7 38. Qa3 b6 39. Rc3 Qe8 40. Qa6 Qb8 41. Rcb3 Qb7 42. Qa4 a6 43. c4 Kb8 44. c5 Nb5 45. d5 Re7 46. c6 Qa7 47. Qc4 Nd6 48. Qd4 b5 49. Qxa7+ Kxa7 50. dxe6 Rxe6 51. Bd4+ Kb8 52. Ra3 Rge8 53. Bc3 Nc8 54. Rxa6 Na7 55. Ba5 R8e7 56. Bb4 Re8 57. Bc3 Nxc6 58. Rxb5+ Kc8 59. Kf1 Kd7 60. Rd5+ Ke7 61. Be1 Rg8 62. Rc5 Kd7 63. Rd5+ Rd6 64. Rxd6+ cxd6 65. Ke2 Ne5 66. Ra7+ Ke6 67. Ra6 Nf7 68. Ke3 Ke5 69. Ra7 Ke6 70. Kf4 Ne5 71. Bc3 Nd3+ 72. Ke3 Ne5 73. Bxe5 Kxe5 74. Rh7 Rg6 75. f4+ Kf5 76. Kf3 d5 77. Rd7 Ke6 78. Rd8 Rg7 79. Ra8 Kd6 80. Ra6+ Kc5 81. Rxh6 Kc4 82. Ke2 d4 83. Kd2 Rg4 84. f5 Rf4 85. f6 Rf2+ 86. Ke1 Kd3 87. Rg6 Rxg2 88. f7 Rg1# 0-1

[Event "EYCC 2017"]
[Site "Mamaia"]
[Date "2017.09.14"]
[Round "9"]
[White "Andries, Alexia"]
[Black "Smietanska, Wiktoria"]
[Result "0-1"]
[ECO "D37"]
[WhiteElo "1110"]
[BlackElo "1446"]
[Annotator "NA RC"]
[PlyCount "110"]
[EventDate "2017.??.??"]
[EventType "swiss"]
[EventCountry "ROU"]
[SourceTitle "playchess.com"]
[Source "ChessBase"]
[SourceQuality "1"]
[TimeControl "40/5400+30:1800+30"]

1. d4 d5 2. c4 e6 3. Nc3 Be7 4. Nf3 Nf6 5. Bf4 O-O 6. e3 b6 7. Bd3 Ba6 8. cxd5 Nxd5 9. Bxa6 Nxa6 10. O-O Nxf4 11. exf4 Qd6 12. Qd2 Rfd8 13. Rad1 Nb4 14. a3 Nd5 15. Ne4 Qxf4 16. Qxf4 Nxf4 17. Ne5 Ne2+ 18. Kh1 Nxd4 19. Rd2 f6 20. Nc4 e5 21. Rfd1 Rd7 22. h3 Rad8 23. b3 Kf8 24. b4 Ke8 25. Nc3 a6 26. Ne3 c6 27. Nc4 b5 28. Ne3 Ne6 29. Rxd7 Rxd7 30. Kg1 Rxd1+ 31. Nexd1 Nd4 32. Kf1 Nc2 33. Nb1 c5 34. Ke2 cxb4 35. Kd2 Nxa3 36. Nxa3 bxa3 37. Kc2 f5 38. Kb3 e4 39. Ne3 g6 40. Ka2 Kd7 41. Kb3 Kc6 42. Ka2 Bc5 43. Nd1 f4 44. Kb3 e3 45. fxe3 fxe3 46. Nc3 b4 47. Ne2 Kd5 48. Ka2 Ke4 49. Kb3 Kd3 50. Nc1+ Kd2 51. Ka2 Kxc1 52. Kb3 e2 53. Ka2 e1=Q 54. Kb3 Qc3+ 55. Ka2 Qb2# 0-1